 Dungeon Crawl Stone Soup version 0.32-a0-35-gd9ff480968 (webtiles) character file.

Game seed: 16209444670327136202

270452 cforsyth the Warrior (level 21, -2/166 HPs)
             Began as a Djinni Enchanter on Jan 22, 2024.
             Killed from afar by a war gargoyle (34 damage)
             ... with a spray of metal splinters
             ... led by a peacekeeper
             ... on level 3 of the Vaults.
             The game lasted 02:04:59 (46716 turns).

cforsyth the Warrior (Djinni Enchanter)            Turns: 46716, Time: 02:05:00

Health: -2/166     AC: 12    Str:  7    XL:     21   Next: 5%
Gold:   1355       EV: 19    Int: 30    God:
                   SH:  9    Dex: 15

rFire   + + +        r - +1 mace of Cruel Justice {spect, rN++}
rCold   . . .        a - +2 buckler
rNeg    + + .        O - +1 troll leather armour
rPois   ∞            d - +2 helmet {Int+3}
rElec   +            Q - scarf {rC+ rF+}
rCorr   .            A - +0 pair of gloves
SInv    .            (boots unavailable)
Will    +++..        I - amulet of regeneration
Stlth   ++           T - ring "Lumpeu" {rElec rPois rF+ Will+}
HPRegen 2.07/turn    u - +4 ring of protection
MPRegen 0.00/turn

%: infuse magic (-3 HP)
@: flying, studying Short Blades
A: sickness immunity, fire resistance 2, cold vulnerability 1, float, innate
caster, HP casting, extra vitality 1
}: 2/15 runes: serpentine, barnacled
a: no special abilities


You were on level 3 of the Vaults.
You visited 7 branches of the dungeon, and saw 34 of its levels.
You also visited: Sewer and Gauntlet.

You collected 4555 gold pieces.
You spent 3200 gold pieces at shops.

Inventory:

Hand Weapons
 r - the +1 mace of Cruel Justice (weapon) {spect, rN++}
   (You found it on level 5 of the Dungeon)

   rN++:      It greatly protects you from negative energy.
 N - the +9 sling of Dishonesty {freeze, rC+ Dex+4}
   (You found it on level 4 of the Shoals)

   Dex+4:     It affects your dexterity (+4).
   rC+:       It protects you from cold.
Armour
 a - a +2 buckler (worn)
 d - a +2 helmet of intelligence (worn)
 A - a +0 pair of gloves (worn)
 O - a +1 troll leather armour (worn)
 Q - a scarf of resistance (worn)
Jewellery
 e - a ring of protection from cold
 j - a ring of positive energy
 s - a ring of positive energy
 u - a +4 ring of protection (right hand)
 G - a +4 ring of protection
 I - an amulet of regeneration (around neck)
 P - a ring of ice
 T - the ring "Lumpeu" (left hand) {rElec rPois rF+ Will+}
   (You bought it in a shop on level 2 of the Orcish Mines)

   [ring of willpower]

   rF+:       It protects you from fire.
   rElec:     It insulates you from electricity.
   rPois:     It protects you from poison Will+: It increases your willpower.
 V - a ring of protection from cold
 Y - a ring of positive energy
Wands
 l - a wand of roots (66)
 B - a wand of polymorph (26)
 E - a wand of flame (85)
 J - a wand of acid (15)
 K - a wand of charming (32)
 R - a wand of mindburst (24)
Scrolls
 b - 4 scrolls of enchant armour
 f - 5 scrolls of vulnerability
 h - 5 scrolls of enchant weapon
 i - a scroll of butterflies
 n - 2 scrolls of revelation
 p - 7 scrolls of immolation
 t - a scroll of brand weapon
 w - 2 scrolls of silence
 x - 7 scrolls of teleportation
 y - 3 scrolls of fog
 C - 5 scrolls of fear
 F - 4 scrolls of poison
 U - 5 scrolls of blinking
 Z - 6 scrolls of identify
Potions
 c - 4 potions of invisibility
 g - 5 potions of attraction
 k - 2 potions of lignification
 m - 2 potions of heal wounds
 o - 7 potions of brilliance
 q - 8 potions of might
 v - 3 potions of cancellation
 z - 8 potions of curing
 D - 3 potions of ambrosia
 H - 4 potions of mutation
 L - 2 potions of berserk rage
 M - 6 potions of enlightenment
 S - 4 potions of haste
 W - 2 potions of resistance
Miscellaneous
 X - a sack of spiders


   Skills:
 - Level 19.3 Fighting
 - Level 1.1 Short Blades
 + Level 17.1 Dodging
 - Level 2.5 Stealth
 - Level 12.0 Shields
 + Level 18.9 Spellcasting
 + Level 18.9 Conjurations
 + Level 18.9 Hexes
 + Level 18.9 Summonings
 + Level 18.9 Necromancy
 + Level 18.9 Translocations
 + Level 18.9 Fire Magic
 + Level 18.9 Ice Magic
 + Level 18.9 Air Magic
 + Level 18.9 Earth Magic
 + Level 18.9 Alchemy


You knew the following spells:

 Your Spells              Type           Power      Damage    Failure   Level
a - Ensorcelled Hibernat  Hex/Ice        100%       N/A       0%          2
b - Confusing Touch       Hex            97%        N/A       0%          3
c - Mephitic Cloud        Conj/Alch/Air  97%        N/A       0%          3
d - Dazzling Flash        Conj/Hex       100%       N/A       0%          3
e - Foxfire               Conj/Fire      100%       2x1d9     0%          1
f - Call Imp              Summ           100%       N/A       0%          2
g - Tukima's Dance        Hex            97%        N/A       0%          3
h - Flame Wave            Conj/Fire      97%        2d20      0%          4
i - Summon Lightning Spi  Summ/Air       97%        N/A       0%          4
j - Summon Mana Viper     Hex/Summ       97%        N/A       1%          5
k - Eringya's Noxious Bo  Alch           48%        4d6       1%          6
l - Enfeeble              Hex            48%        N/A       1%          7
m - Starburst             Conj/Fire      48%        6d13      1%          6
n - Orb of Destruction    Conj           48%        9d13      1%          7
Your spell library was empty.

Dungeon Overview and Level Annotations

Branches:
Dungeon (15/15)            Temple (1/1) D:7            Lair (5/5) D:9
 Shoals (4/4) Lair:2        Snake (4/4) Lair:2        Slime (0/5) Lair:4
    Orc (2/2) D:12            Elf (0/3) Orc:2        Vaults (3/5) D:13
  Crypt (0/3) Vaults:3     Depths (0/4) D:15          Sewer (visited)
Gauntlet (visited)

Altars:
Ashenzari
Cheibriados
Dithmenos
Elyvilon
Fedhas
Gozag
Hepliaklqana
Makhleb
Nemelex Xobeh
Okawaru
Qazlal
Ru
Trog
Uskayaw
Wu Jian
Xom
Yredelemnul
Zin
The Shining One
Jiyva

Shops:
D:6 (   D:12 :   D:14 **   Orc:2 =*[(   Shoals:2 :   Shoals:4 *([   Snake:1 :[
Snake:3 *   Snake:4 ?   Vaults:2 (   Vaults:3 [

Annotations:
Temple 2 transporters
Lair:4 1 runed translucent door
Snake:2 2 transporters, Xuar's ghost, adept DjHW
Vaults:3 2 transporters, knightboat's ghost, adept DsMo


Innate Abilities, Weirdness & Mutations

You are immune to sickness and miasma.
You are immune to poison.
Your flesh is very heat resistant. (rF++)
You are vulnerable to cold. (rC-)
You float through the air rather than walking.
You learn spells naturally, not from books.
Your magical power is your life essence.
You have superior vitality. (+4 MHP)


Message History

The war gargoyle completely misses you. The peacekeeper closely misses you.
You block the peacekeeper's attack.
You hear a roar!
You hear a shout!
Casting: Enfeeble (mildly dangerous; 1% risk of failure)
Confirm with . or Enter, or press ? or * to list all spells.
Aiming: Enfeeble (mildly dangerous; 1% risk of failure)
Press: ? - help, Shift-Dir - straight line, f - peacekeeper, p - crystal guardian
Aim: a peacekeeper (severely damaged, will inflict weakness)
The peacekeeper partially resists.
The peacekeeper is enfeebled!
You kill the vault sentinel!
You block the crystal guardian's attack.
Your mana viper bites the crystal guardian!
The crystal guardian's magic leaks into the air.
You block the war gargoyle's attack. The peacekeeper bites you!
The peacekeeper claws you.
Casting: Enfeeble (mildly dangerous; 1% risk of failure)
Confirm with . or Enter, or press ? or * to list all spells.
Aiming: Enfeeble (mildly dangerous; 1% risk of failure)
Press: ? - help, Shift-Dir - straight line, f - war gargoyle, p - peacekeeper
Aim: a war gargoyle, wielding a +3 dire flail of protection (moderately damaged, will inflict weakness, chance to daze and blind: 72%)
The war gargoyle is enfeebled!
Your mana viper bites the crystal guardian but does no damage.
You block the peacekeeper's attack.
The peacekeeper claws you but does no damage.
The crystal guardian hits you!!
* * * LOW HITPOINT WARNING * * *
The war gargoyle closely misses you.
Your mana viper bites the crystal guardian but does no damage.
The peacekeeper bites you!
* * * LOW HITPOINT WARNING * * *
The peacekeeper misses you.
You feel much better.
The war gargoyle hits you with a +3 dire flail of protection!
* * * LOW HITPOINT WARNING * * *
You block the crystal guardian's attack.
Your mana viper bites the crystal guardian but does no damage.
The peacekeeper closely misses you. The peacekeeper completely misses you.
The war gargoyle launches metal splinters at you.
The spray of metal splinters hits you!!
You die...

############
########..........#
#.....8#..........#
#......#S.........#
#.....@9..........#
#.....99)......[..#####
#......'..........#....
#......#..∩.∩.....'....
#......###...######....
#......# #∩.∩# ...#
#......############.9..
#......').........#.#.#
########..........#.#..


You could see a crystal guardian (strong, distracted, weak, ally target, magic
disrupted), a war gargoyle (blind, unable to see you, dazed, catching breath,
weak), a peacekeeper (weak), a friendly lightning spire (summoned) and a
friendly mana viper (summoned).

Vanquished Creatures
  2 krakens
  Kirke (Lair:2)
  A nagaraja (Snake:2)
  A vault warden (Vaults:1)
  3 ironbound preservers
  2 ironbound thunderhulks
  A dire elephant (Vaults:2)
  A merfolk impaler (Shoals:2)
  A merfolk javelineer (Shoals:4)
  2 vault guards (Vaults:1)
  2 ironbound frosthearts
  2 hydras
  A merfolk avatar (Shoals:3)
  4 death yaks
  3 anacondas
  2 merfolk aquamancers (Shoals:4)
  Erica (D:8)
  3 centaur warriors
  A satyr (Shoals:4)
  A two-headed ogre (D:11)
  3 naga warriors
  An orc high priest (Orc:2)
  2 naga sharpshooters
  2 shock serpents (Snake:4)
  A skyshark (Shoals:2)
  3 sea snakes
  2 mana vipers (Snake:1)
  3 deep trolls (Vaults:2)
  4 naga ritualists
  An arcanist (Vaults:1)
  A lindwurm (Vaults:1)
  5 ironbound convokers
  6 harpies
  An orc sorcerer (Orc:2)
  4 ugly things
  An orc knight (Vaults:2)
  3 cyclopes
  6 fauns
  3 merfolk sirens
  7 black mambas
  10 naga magi
  7 manticores
  Joseph (D:8)
  A guardian serpent (Lair:5)
  3 vault sentinels
  2 water nymphs (Shoals:2)
  An unseen horror (D:12)
  A minotaur zombie (Gauntlet)
  2 centaur skeletons (D:13)
  5 cane toads
  2 komodo dragons
  4 yaktaurs
  3 trolls
  A wind drake (Shoals:4)
  2 hornets
  10 merfolk
  12 dream sheep
  12 blink frogs
  4 slime creatures
  3 snapping turtles
  10 water elementals
  5 wyverns
  2 basilisks
  A fire elemental (D:13)
  2 hogs
  20 yaks
  A steam dragon (D:9)
  5 vampire mosquitoes
  A redback simulacrum (D:14)
  14 nagas
  9 water moccasins
  15 orc warriors
  A sky beast (D:7)
  10 black bears
  2 ice beasts
  An ogre (D:5)
  4 wolves
  8 centaurs
  6 kobold brigands
  9 bullfrogs
  4 scorpions
  A gnoll sergeant (D:6)
  5 wights (D:8)
  6 killer bees
  9 electric eels
  A howler monkey (D:7)
  2 bombardier beetles
  3 jellies
  3 gnoll boudas
  14 orc priests
  5 hounds
  Jessica (D:3)
  2 iguanas
  20 orc wizards
  3 hell rats (Lair:2)
  12 gnolls
  12 adders
  A shadow imp (D:8)
  A dart slug (D:2)
  A ribbon worm (D:4)
  47 orcs
  4 endoplasms
  4 giant cockroaches
  10 goblins
  6 hobgoblins
  2 jackals (D:3)
  20 kobolds
  6 quokkas
  8 ball pythons
  11 bats
  3 frilled lizards
  2 rats (Sewer)
535 creatures vanquished.

Vanquished Creatures (collateral kills)
  Norris (Vaults:1)
  Mlioglotl (Lair:2)
  A lich (Vaults:2)
  2 sphinxes (Vaults:2)
  5 nagarajas (Snake:4)
  5 vault wardens
  3 orc warlords
  4 ironbound preservers
  A stone giant (Vaults:3)
  4 ironbound thunderhulks
  Azrael (D:13)
  3 dire elephants (Vaults:2)
  A war gargoyle (Vaults:2)
  A minotaur (Gauntlet)
  An entropy weaver (Vaults:2)
  3 yaktaur captains
  3 merfolk impalers
  2 great orbs of eyes (Vaults:1)
  4 salamander tyrants (Snake:4)
  A hydra (Lair:3)
  3 vault guards
  An ogre mage (D:15)
  2 merfolk avatars
  2 ironbound frosthearts (Vaults:1)
  5 anacondas
  4 alligator snapping turtles (Shoals:4)
  3 centaur warriors
  5 boulder beetles
  10 naga warriors
  A satyr (Shoals:2)
  A catoblepas (Lair:4)
  A two-headed ogre (D:9)
  4 death yaks
  5 merfolk aquamancers
  A tengu warrior (D:15)
  A deep troll earth mage (D:15)
  2 orc high priests (Orc:2)
  A hell hog (Gauntlet)
  8 naga sharpshooters
  2 shock serpents
  A deep elf knight (D:14)
  Nergalle (Lair:2)
  Sonja (Lair:5)
  A salamander mystic (Snake:4)
  A skeletal warrior (D:13)
  8 sea snakes
  6 skysharks
  Amaemon (Lair:2)
  15 deep trolls
  A fire crab (D:9)
  3 naga ritualists
  8 mana vipers
  An orange crystal statue (Vaults:1)
  6 bog bodies
  3 arcanists (Vaults:2)
  4 harpies (Vaults:2)
  3 ironbound convokers
  6 orc knights
  4 lindwurms (Vaults:1)
  A deep elf pyromancer (D:12)
  4 orc sorcerers (Orc:2)
  4 oklob plants
  6 fauns
  A wolf spider (Lair:5)
  24 ugly things
  12 salamanders
  5 cyclopes
  18 manticores
  3 meliai (D:13)
  3 elephants (Lair:3)
  4 guardian serpents
  14 naga magi
  9 merfolk sirens
  6 orange demons
  6 water nymphs
  20 black mambas
  3 vault sentinels (Vaults:2)
  9 cane toads
  3 gargoyles
  An eye of devastation (Gauntlet)
  2 centaur skeletons (D:13)
  6 komodo dragons
  16 yaktaurs
  An efreet (D:15)
  A tengu conjurer (D:15)
  12 merfolk
  A polar bear (Lair:2)
  6 trolls
  2 hornets
  9 snapping turtles
  5 wind drakes
  5 dream sheep
  8 blink frogs
  15 slime creatures
  A spriggan (Lair:2)
  A culicivora (shapeshifter) (D:15)
  A centaur simulacrum (D:14)
  5 water elementals (Shoals:4)
  2 wraiths
  2 basilisks
  2 fire bats (Gauntlet)
  12 wyverns
  A yak (shapeshifter) (D:15)
  4 fire elementals (D:13)
  5 hogs (Lair:2)
  29 yaks
  A golden eye (Gauntlet)
  9 vampire mosquitoes
  5 redbacks
  43 nagas
  14 water moccasins
  4 hell hounds
  28 orc warriors
  5 black bears (D:11)
  2 laughing skulls (Gauntlet)
  4 ogres
  12 centaurs
  5 wolves
  7 bullfrogs
  A scorpion (Orc:1)
  8 killer bees (D:10)
  An electric eel (Snake:2)
  2 howler monkeys (D:10)
  11 orc priests
  A gnoll bouda (D:11)
  14 orc wizards
  A hell rat (Lair:2)
  32 orcs
  194 foxfires
  2 tentacles
899 creatures vanquished.

Vanquished Creatures (others)
  A dancing weapon (D:12)
  2 water elementals (Shoals:2)
  A kobold (D:8)
  7481 foxfires
  29 tentacles
7514 creatures vanquished.

Grand Total: 8948 creatures vanquished

Notes
Turn   | Place    | Note
-------+----------+-------------------------------------------
     0 | D:1      | cforsyth the Djinni Enchanter began the quest for the Orb.
     0 | D:1      | cforsyth set off with the following spells memorised:
                  | Ensorcelled Hibernation, Confusing Touch, Tukima's Dance,
                  | Dazzling Flash.
     0 | D:1      | Reached XP level 1. HP: 15/15 MP: 0/0
    90 | D:1      | Reached skill level 1 in Short Blades
   173 | D:1      | Reached XP level 2. HP: 21/21 MP: 0/0
   506 | D:1      | Reached XP level 3. HP: 16/26 MP: 0/0
   506 | D:1      | Learned a level 1 spell: Foxfire
   560 | D:1      | Reached skill level 1 in Fighting
  1739 | D:3      | Reached XP level 4. HP: 32/33 MP: 0/0
  2076 | D:3      | Found a broken altar of Ashenzari.
  2088 | D:3      | Reached skill level 2 in Fighting
  2113 | D:3      | Noticed Jessica
  2117 | D:3      | Killed Jessica
  2118 | D:3      | Reached XP level 5. HP: 20/39 MP: 0/0
  2118 | D:3      | Learned a level 2 spell: Call Imp
  2717 | D:4      | Reached skill level 3 in Fighting
  2734 | D:4      | Reached XP level 6. HP: 8/46 MP: 0/0
  2847 | D:4      | Reached skill level 4 in Fighting
  2855 | D:4      | Found a glowing drain.
  2866 | Sewer    | Entered a sewer
  3153 | Sewer    | Reached XP level 7. HP: 47/53 MP: 0/0
  3153 | Sewer    | Learned a level 3 spell: Mephitic Cloud
  3326 | Sewer    | Reached skill level 5 in Fighting
  3591 | D:4      | Reached skill level 5 in Spellcasting
  3591 | D:4      | Reached skill level 5 in Conjurations
  3591 | D:4      | Reached skill level 5 in Hexes
  3591 | D:4      | Reached skill level 5 in Summonings
  3591 | D:4      | Reached skill level 5 in Necromancy
  3591 | D:4      | Reached skill level 5 in Translocations
  3591 | D:4      | Reached skill level 5 in Fire Magic
  3591 | D:4      | Reached skill level 5 in Ice Magic
  3591 | D:4      | Reached skill level 5 in Air Magic
  3591 | D:4      | Reached skill level 5 in Earth Magic
  3591 | D:4      | Reached skill level 5 in Alchemy
  3869 | D:5      | Entered Level 5 of the Dungeon
  3889 | D:5      | Reached XP level 8. HP: 30/61 MP: 0/0
  4034 | D:5      | Identified the +1 mace of Cruel Justice {spect, rN++}
  4086 | D:5      | Reached skill level 6 in Fighting
  4715 | D:6      | Reached skill level 7 in Fighting
  4770 | D:6      | Found Nisenad's Weapon Emporium.
  4804 | D:6      | Reached XP level 9. HP: 40/68 MP: 0/0
  4804 | D:6      | Learned a level 4 spell: Flame Wave
  5380 | D:6      | Reached skill level 8 in Fighting
  5759 | D:7      | Found a sparkling altar of Nemelex Xobeh.
  6084 | D:7      | Found a staircase to the Ecumenical Temple.
  6150 | Temple   | Found a transporter.
  6150 | Temple   | Found a transporter.
  6150 | Temple   | Found a transporter.
  6150 | Temple   | Found a transporter.
  6150 | Temple   | Entered the Ecumenical Temple
  6237 | D:8      | Noticed a hornet
  6247 | D:8      | Killed a hornet
  6248 | D:8      | Reached skill level 9 in Fighting
  6250 | D:8      | Noticed Erica
  6254 | D:8      | Killed Erica
  6255 | D:8      | Reached XP level 10. HP: 65/79 MP: 0/0
  6700 | D:8      | Reached skill level 10 in Fighting
  6894 | D:8      | Noticed Joseph
  6911 | D:8      | Killed Joseph
  7226 | D:8      | Found a basalt altar of Yredelemnul.
  7455 | D:9      | Found a staircase to the Lair.
  7455 | D:9      | Noticed a fire crab
  8150 | D:9      | Reached skill level 11 in Fighting
  8423 | D:10     | Entered Level 10 of the Dungeon
  8479 | D:10     | Reached XP level 11. HP: 48/87 MP: 0/0
  8479 | D:10     | Learned a level 4 spell: Summon Lightning Spire
  9296 | D:10     | Identified the +4 flail "Ginec" {drain, rN+}
  9522 | D:10     | Reached skill level 12 in Fighting
 10872 | D:11     | Reached skill level 10 in Spellcasting
 10872 | D:11     | Reached skill level 10 in Conjurations
 10872 | D:11     | Reached skill level 10 in Hexes
 10872 | D:11     | Reached skill level 10 in Summonings
 10872 | D:11     | Reached skill level 10 in Necromancy
 10872 | D:11     | Reached skill level 10 in Translocations
 10872 | D:11     | Reached skill level 10 in Fire Magic
 10872 | D:11     | Reached skill level 10 in Ice Magic
 10872 | D:11     | Reached skill level 10 in Air Magic
 10872 | D:11     | Reached skill level 10 in Earth Magic
 10872 | D:11     | Reached skill level 10 in Alchemy
 11147 | D:11     | Noticed a manticore
 11164 | D:11     | Killed a manticore
 11494 | D:11     | Noticed a manticore
 11509 | D:11     | Killed a manticore
 11682 | D:11     | Reached skill level 13 in Fighting
 11682 | D:11     | Reached XP level 12. HP: 86/98 MP: 0/0
 12438 | D:11     | Found a stormy altar of Qazlal.
 12581 | D:11     | Noticed a two-headed ogre
 12591 | D:11     | Killed a two-headed ogre
 13450 | D:12     | Reached skill level 14 in Fighting
 13676 | D:12     | Noticed a boulder beetle
 13688 | D:12     | Killed a boulder beetle
 13972 | D:12     | Reached XP level 13. HP: 93/106 MP: 0/0
 13972 | D:12     | Learned a level 5 spell: Summon Mana Viper
 14078 | D:12     | Found a staircase to the Orcish Mines.
 14211 | D:12     | Found Jykhehet's Book Emporium.
 14222 | D:12     | Reached skill level 15 in Fighting
 14440 | D:13     | Noticed a centaur warrior
 14457 | D:13     | Killed a centaur warrior
 14496 | D:13     | Found a gate leading to a gauntlet.
 14505 | Gauntlet | Entered a Gauntlet
 14505 | Gauntlet | Found a transporter.
 14505 | Gauntlet | Found a transporter.
 14535 | Gauntlet | Found a transporter.
 14538 | Gauntlet | Found a transporter.
 14538 | Gauntlet | Found a transporter.
 14548 | Gauntlet | Found a transporter.
 14552 | Gauntlet | Found a transporter.
 14562 | Gauntlet | Found a transporter.
 14562 | Gauntlet | Found the +12 glaive of Prune {freeze, Prune}
 14656 | Gauntlet | Found a transporter.
 14664 | Gauntlet | Found a transporter.
 14668 | Gauntlet | Found a transporter.
 14678 | Gauntlet | Found a transporter.
 15011 | Gauntlet | Noticed a minotaur
 15023 | Gauntlet | Killed a minotaur
 15494 | Lair:1   | Entered Level 1 of the Lair of Beasts
 15610 | Lair:1   | Reached skill level 16 in Fighting
 15866 | Lair:1   | Reached XP level 14. HP: 115/116 MP: 0/0
 16614 | Lair:2   | Found a staircase to the Snake Pit.
 16631 | Lair:2   | Noticed Nergalle
 16639 | Lair:2   | Killed Nergalle
 16750 | Lair:2   | Noticed Amaemon
 16763 | Lair:2   | Killed Amaemon
 16981 | Lair:2   | Found a staircase to the Shoals.
 17418 | Lair:2   | Reached skill level 17 in Fighting
 19020 | Lair:4   | Identified the +0 whip "Kefeycip" {flame, Int+4 Dex+3
                  | Stlth+}
 19637 | Lair:4   | Found a runed translucent door.
 19637 | Lair:4   | Found a viscous altar of Jiyva.
 19637 | Lair:4   | Noticed an acid blob
 19637 | Lair:4   | Noticed an acid blob
 19638 | Lair:4   | Found a staircase to the Slime Pits.
 20218 | Lair:5   | Entered Level 5 of the Lair of Beasts
 20260 | Lair:5   | Reached XP level 15. HP: 121/126 MP: 0/0
 20260 | Lair:5   | Learned a level 6 spell: Eringya's Noxious Bog
 20305 | Lair:5   | Noticed Sonja
 20311 | Lair:5   | Killed Sonja
 20341 | Lair:5   | Reached skill level 18 in Fighting
 21508 | Lair:5   | Identified the +6 hand axe of Bloody Death {elec, Will+
                  | Stlth+}
 21961 | Orc:1    | Entered Level 1 of the Orcish Mines
 22106 | Orc:2    | Entered Level 2 of the Orcish Mines
 23366 | Orc:2    | Noticed an orc warlord
 23376 | Orc:2    | Found a staircase to the Elven Halls.
 23508 | Orc:2    | Killed an orc warlord
 23539 | Orc:2    | Paralysed by an orc sorcerer for 5 turns
 23652 | Orc:2    | Reached skill level 19 in Fighting
 23878 | Orc:2    | Reached skill level 15 in Spellcasting
 23878 | Orc:2    | Reached skill level 15 in Conjurations
 23878 | Orc:2    | Reached skill level 15 in Hexes
 23878 | Orc:2    | Reached skill level 15 in Summonings
 23878 | Orc:2    | Reached skill level 15 in Necromancy
 23878 | Orc:2    | Reached skill level 15 in Translocations
 23878 | Orc:2    | Reached skill level 15 in Fire Magic
 23878 | Orc:2    | Reached skill level 15 in Ice Magic
 23878 | Orc:2    | Reached skill level 15 in Air Magic
 23878 | Orc:2    | Reached skill level 15 in Earth Magic
 23878 | Orc:2    | Reached skill level 15 in Alchemy
 24278 | Orc:2    | Noticed an orc warlord
 24299 | Orc:2    | Killed an orc warlord
 24300 | Orc:2    | Reached XP level 16. HP: 115/135 MP: 0/0
 24381 | Orc:2    | Found Ucif's General Store.
 24381 | Orc:2    | Found Roide's Jewellery Emporium.
 24382 | Orc:2    | Found Iselosof's Antique Armour Shoppe.
 24382 | Orc:2    | Found Byexecu's Antique Weapon Shoppe.
 24388 | Orc:2    | Bought a dazzling battleaxe for 379 gold pieces
 24388 | Orc:2    | Identified the +3 battleaxe "Qaytopuck" {holy, Fly} (You
                  | bought it in a shop on level 2 of the Orcish Mines)
 24397 | Orc:2    | Bought a scroll of teleportation for 54 gold pieces
 24397 | Orc:2    | Bought a potion of heal wounds for 90 gold pieces
 24408 | Orc:2    | Bought a glowing buckler for 195 gold pieces
 24408 | Orc:2    | Bought a spiked scale mail for 234 gold pieces
 24408 | Orc:2    | Identified the +4 scale mail of the True Pharaoh {rC+
                  | Stlth+} (You bought it in a shop on level 2 of the Orcish
                  | Mines)
 24949 | D:13     | Reached skill level 1 in Shields
 24967 | D:13     | Noticed Azrael
 25112 | D:13     | Killed Azrael
 25883 | D:13     | Found a gate to the Vaults.
 26178 | D:13     | Reached skill level 5 in Dodging
 26399 | D:14     | Found Imier's Assorted Antiques.
 26408 | D:14     | Bought a bloodstained glaive for 402 gold pieces
 26408 | D:14     | Identified the +4 glaive "Zadghe" {vamp, Dex+3} (You bought
                  | it in a shop on level 14 of the Dungeon)
 26408 | D:14     | Bought a scroll of teleportation for 105 gold pieces
 26491 | D:14     | Found Vyneh's Gadget Gallery.
 27029 | D:15     | Entered Level 15 of the Dungeon
 27285 | D:15     | Reached skill level 5 in Shields
 27344 | D:15     | Found a staircase to the Depths.
 28603 | Snake:1  | Entered Level 1 of the Snake Pit
 28619 | Lair:2   | Reached XP level 17. HP: 84/141 MP: 0/0
 28619 | Lair:2   | Learned a level 7 spell: Enfeeble
 29076 | Snake:1  | Found Vociriuh's Antique Armour Boutique.
 29076 | Snake:1  | Found Amiem's Book Shop.
 29097 | Snake:1  | Bought a shimmering robe for 159 gold pieces
 29097 | Snake:1  | Identified the +1 robe "Wolac" {rF+ Will+} (You bought it
                  | in a shop on level 1 of the Snake Pit)
 29332 | Snake:1  | Noticed Mlioglotl
 29355 | Snake:1  | Noticed Kirke
 30565 | Lair:2   | Noticed a tentacled starspawn
 30581 | Lair:2   | Killed Mlioglotl
 30874 | Lair:2   | Killed Kirke
 31607 | Snake:2  | Reached skill level 10 in Dodging
 32066 | Snake:2  | Noticed Xuar's ghost (adept DjHW)
 32069 | Snake:2  | Found a transporter.
 32077 | Snake:2  | Found a transporter.
 32495 | Snake:3  | Found Amagot's Assorted Antiques.
 33114 | Snake:3  | Bought a scroll of teleportation for 96 gold pieces
 33114 | Snake:3  | Bought a dazzling quarterstaff for 288 gold pieces
 33114 | Snake:3  | Identified the +3 quarterstaff of Toargh {speed, rF+ Str+3
                  | Int-2} (You bought it in a shop on level 3 of the Snake
                  | Pit)
 33561 | Snake:3  | Reached XP level 18. HP: 145/148 MP: 0/0
 33634 | Snake:4  | Entered Level 4 of the Snake Pit
 34029 | Snake:4  | Identified the +3 war axe "Zixzit" {vamp, rPois Str+3
                  | Dex+4}
 34823 | Snake:4  | Found Tethici's Magic Scroll Emporium.
 34826 | Snake:4  | Bought a scroll of teleportation for 60 gold pieces
 35227 | Snake:4  | Got a serpentine rune of Zot
 35350 | Shoals:1 | Entered Level 1 of the Shoals
 36616 | Shoals:2 | Reached XP level 19. HP: 137/154 MP: 0/0
 36616 | Shoals:2 | Learned a level 6 spell: Starburst
 36797 | Shoals:2 | Found Kotexin's Self-Improvement Boutique.
 38465 | Shoals:4 | Entered Level 4 of the Shoals
 39084 | Shoals:4 | Identified the +6 whip of the Destroying Coward {flame, Fly
                  | rElec Int-2 Dex+2}
 39143 | Shoals:4 | Found Xiotytol's Assorted Antiques.
 39145 | Shoals:4 | Found Duepn's Weapon Shoppe.
 39208 | Shoals:4 | Found Jipluag's Antique Armour Boutique.
 39412 | Shoals:4 | Reached skill level 15 in Dodging
 39447 | Shoals:4 | Identified the +9 sling of Dishonesty {freeze, rC+ Dex+4}
 39790 | Shoals:4 | Reached skill level 10 in Shields
 39857 | Shoals:4 | Got a barnacled rune of Zot
 40390 | Shoals:4 | Found Xiotytol's Assorted Antiques.
 40394 | Shoals:4 | Found Jipluag's Antique Armour Boutique.
 40394 | Shoals:4 | Found Duepn's Weapon Shoppe.
 40791 | Vaults:1 | Entered Level 1 of the Vaults
 41692 | Vaults:1 | Reached XP level 20. HP: 160/160 MP: 0/0
 41798 | Vaults:1 | Noticed Norris
 42503 | Vaults:1 | Killed Norris
 43357 | Vaults:2 | Found Luikopt's Antique Weapon Emporium.
 43365 | Vaults:2 | Bought a polished mace for 152 gold pieces
 43365 | Vaults:2 | Identified the +7 mace of Equilibrium {drain, Str+3 SInv}
                  | (You bought it in a shop on level 2 of the Vaults)
 43365 | Vaults:2 | Bought a translucent dagger for 133 gold pieces
 43365 | Vaults:2 | Identified the +7 dagger of the Growing Augurer {freeze,
                  | *Noise rF++ Str+3 Stlth+} (You bought it in a shop on level
                  | 2 of the Vaults)
 44486 | Orc:2    | Bought the ring "Lumpeu" {rElec rPois rF+ Will+} for 853
                  | gold pieces
 46469 | Vaults:3 | Found a staircase to the Crypt.
 46470 | Vaults:3 | Found a basalt altar of Yredelemnul.
 46549 | Vaults:3 | Found a transporter.
 46551 | Vaults:3 | Noticed knightboat's ghost (adept DsMo)
 46554 | Vaults:3 | Found a transporter.
 46571 | Vaults:3 | Reached XP level 21. HP: 166/166 MP: 0/0
 46571 | Vaults:3 | Learned a level 7 spell: Orb of Destruction
 46672 | Vaults:3 | Found Wotses's Armour Shoppe.
 46716 | Vaults:3 | Killed from afar by a war gargoyle

Illustrated notes

Levels and vault maps discovered:
D:1:      dpeg_arrival_pond, layout_rooms, nicolae_hexahallways,
          serial_park_tiny_1, minmay_hedge_maze, chequers_serial_rivers_micro_e,
          amcnicky_mini_corridor_feature
D:2:      layout_loops_ring, serial_park_tiny_1
D:3:      layout_loops_ring, ashenzari_conservatory_becter, uniq_jessica
D:4:      layout_basic, portal_sewer_entry_d
D:5:      layout_rooms
D:6:      layout_rooms, serial_shops, shop, minmay_misc_feat_diagonals,
          billiards_dpeg
D:7:      layout_cave_pools, nemelex_xobeh_ov_fountains_minmay,
          minmay_temple_entry_antechambers
D:8:      layout_rooms, mainiacjoe_overflow_alcove_4, uniq_erica, uniq_joseph
D:9:      layout_loops_ring, minmay_lair_entry_lava
D:10:     layout_long_grid, chequers_serial_rivers_micro_d
D:11:     kennysheep_town
D:12:     layout_basic, orc_0_dummy, serial_shops, nicolae_stop_n_shop_1
D:13:     layout_grid_maze, hangedman_vaults_entry_quadrant_bands,
          gauntlet_entry_generic, uniq_azrael
D:14:     layout_cave_pools, serial_park_avenue1, serial_shops,
          nicolae_shop_statue_plus, nicolae_shop_gadgets
D:15:     hellmonk_depths_entry_around_the_bend, layout_loops_ring,
          nicolae_twisty_statue_hallways
Temple:   hellmonk_temple_divided_pantheon
Lair:1:   layout_regular_city, grunt_megastairs_2
Lair:2:   wad_woods_04, layout_long_grid, elwin_shoals_entry_rooms,
          guppyfry_snake_entry_garden, uniq_nergalle, uniq_amaemon
Lair:3:   layout_layer_cave, serial_bayou, serial_bayou_pond_c,
          serial_bayou_lagoon_a, serial_bayou_crossing, serial_bayou_pond_d
Lair:4:   dreamdust_cave_troll, layout_cave_pods, slime_entry_2, st_stairs_9
Lair:5:   hangedman_lair_tendril_chambers, layout_hall_layers, dpeg_oklob_1,
          uniq_sonja
Shoals:1: layout_shoals, nicolae_shoals_secluded_bog
Shoals:2: layout_shoals, nicolae_shop_self_help
Shoals:3: layout_shoals, abandoned_shop
Shoals:4: shoals_end_simple, layout_shoals, serial_shops, shop, shop, shop
Snake:1:  layout_gridlike, st_stairs_3, minmay_shoptagon,
          nicolae_triple_integral, uniq_mlioglotl, uniq_kirke
Snake:2:  layout_grid_maze, gammafunk_ghost_arena, serial_bayou,
          serial_bayou_pond_b, serial_bayou_pond_c, serial_bayou_shore_b
Snake:3:  layout_onion_interference, serial_shops, shop, grunt_megastairs_1
Snake:4:  minmay_snake_end_coiled, layout_rooms, serial_shops,
          nicolae_shop_rolled_up, lemuel_fruit_tree
Orc:1:    layout_caves, einodemon_barbed_minivault
Orc:2:    st_orc_congregation, layout_diamond_mine, mines3_lemuel
Vaults:1: hangedman_vaults_stagger, nicolae_vaults_tetromino_L_2,
          vaults_room_semicircle, nicolae_vaults_prndl,
          nicolae_vaults_statue_guard, nicolae_vaults_sightless_eye,
          layout_vaults_omnigrid, uniq_norris
Vaults:2: ontoclasm_vaults_chip, nicolae_vaults_trapezoid_lopsided_3, v_misc_13,
          nicolae_vaults_stairing_the_circle, dpeg_vaults_waves,
          nicolae_vaults_cochlea, nicolae_vaults_trapezoid_lopsided_1,
          nicolae_vaults_trapezoid_1, nicolae_vaults_diamond_1,
          ontoclasm_vaults_ring_square, layout_vaults_chaotic_city,
          serial_shops, shop_fountains
Vaults:3: gammafunk_ghost_mausoleum, v_alt_pattern_6, v_misc_10,
          nicolae_vaults_trapezoid_3, nicolae_vaults_little_squares_6,
          minmay_crypt_entry_necro_gods, grunt_vaults_hallway_long,
          nicolae_vaults_fighting_squares, nicolae_vaults_house_3,
          vaults_mumra_hex, nicolae_vaults_network_star, v_alt_pattern_6,
          nicolae_vaults_tetromino_T_1, vaults_room_corners, layout_vaults_ring,
          serial_shops, nicolae_shop_competitors_out_of_business, uniq_mara

Skill      XL: |  1  2  3  4  5  6  7  8  9 10 11 12 13 14 15 16 17 18 19 20 21 |
---------------+----------------------------------------------------------------+-----
Short Blades   | 1 |  1.1
Spellcasting   | 3 4 5 6 7 9 10 11 12 14 15 16 17 18 | 18.9
Conjurations   | 3 4 5 6 7 9 10 11 12 14 15 16 17 18 | 18.9
Hexes          | 3 4 5 6 7 9 10 11 12 14 15 16 17 18 | 18.9
Summonings     | 3 4 5 6 7 9 10 11 12 14 15 16 17 18 | 18.9
Necromancy     | 3 4 5 6 7 9 10 11 12 14 15 16 17 18 | 18.9
Translocations | 3 4 5 6 7 9 10 11 12 14 15 16 17 18 | 18.9
Fire Magic     | 3 4 5 6 7 9 10 11 12 14 15 16 17 18 | 18.9
Ice Magic      | 3 4 5 6 7 9 10 11 12 14 15 16 17 18 | 18.9
Air Magic      | 3 4 5 6 7 9 10 11 12 14 15 16 17 18 | 18.9
Earth Magic    | 3 4 5 6 7 9 10 11 12 14 15 16 17 18 | 18.9
Alchemy        | 3 4 5 6 7 9 10 11 12 14 15 16 17 18 | 18.9
Fighting       | 1 2 3 4 5 7 9 11 13 14 16 17 19 | 19.3
Shields        | 5 7 10 12 | 12.0
Dodging        | 7 11 13 15 16 17 | 17.1
Stealth        | |  2.5

Action                     |  1- 3 |  4- 6 |  7- 9 | 10-12 | 13-15 | 16-18 | 19-21 || total
---------------------------+-------+-------+-------+-------+-------+-------+-------++-------
  Melee: Dagger            |    74 |    28 |    19 |       |       |       |       ||   121
         Punch             |     1 |       |       |     1 |     3 |       |       ||     5
         Mace              |       |       |     7 |    34 |    54 |    20 |    13 ||   128
   Fire: Sling             |       |       |       |       |       |       |     6 ||     6
   Cast: Ensorcelled Hiber |     4 |    11 |     2 |       |       |       |       ||    17
         Foxfire           |    30 |    84 |   286 |   570 |  1046 |  1142 |  1091 ||  4249
         Dazzling Flash    |       |     2 |       |       |       |       |       ||     2
         Mephitic Cloud    |       |       |    16 |    54 |    41 |     5 |       ||   116
         Call Imp          |       |       |       |     6 |     7 |     1 |       ||    14
         Flame Wave        |       |       |       |     2 |       |       |       ||     2
         Summon Lightning  |       |       |       |    43 |   125 |   165 |   147 ||   480
         Tukima's Dance    |       |       |       |     3 |       |       |       ||     3
         Summon Mana Viper |       |       |       |       |   132 |   191 |   165 ||   488
         Confusing Touch   |       |       |       |       |     1 |     1 |       ||     2
         Eringya's Noxious |       |       |       |       |     1 |     1 |     6 ||     8
         Enfeeble          |       |       |       |       |       |     4 |    19 ||    23
         Orb of Destructio |       |       |       |       |       |       |     1 ||     1
  Evoke: Wand              |       |     6 |       |       |       |       |     2 ||     8
    Use: Scroll            |       |     6 |     4 |     7 |    15 |     1 |     6 ||    39
         Potion            |       |     1 |       |     3 |     1 |       |     3 ||     8
   Stab: Sleeping          |     5 |     7 |     2 |       |       |       |       ||    14
         Invisible         |       |     1 |       |       |       |     1 |       ||     2
         Confused          |       |       |     2 |     6 |       |       |       ||     8
         Distracted        |       |       |       |       |       |     1 |     1 ||     2
 Armour: Robe              |    33 |    22 |    18 |   119 |       |       |       ||   192
         Troll leather arm |       |       |       |    23 |   192 |   283 |   247 ||   745
  Dodge: Dodged            |    53 |    22 |    24 |    87 |   134 |   200 |   232 ||   752
  Block: Other             |       |    18 |    14 |    35 |    36 |    13 |       ||   116
         Reflection        |       |     1 |       |     7 |     6 |    12 |       ||    26
         Buckler           |       |       |       |       |       |   126 |   141 ||   267

Table legend: (Time is in decaauts)
 A = Elapsed time spent in this place.
 B = Non-inter-level travel time spent in this place.
 C = Inter-level travel time spent in this place.
 D = Time resting spent in this place.
 E = Time spent auto-exploring this place.
 F = Levels seen in this place.
 G = Mean time per level.
                   A        B        C        D        E       F      G
               +--------+--------+--------+--------+--------+-----+--------+
         Total |  46863 |  42942 |   3921 |   6290 |  25586 |  36 | 1301.8 |
       Dungeon |  19213 |  17261 |   1952 |   2509 |  11022 |  15 | 1280.9 |
        Temple |     30 |     20 |     10 |      0 |      0 |   1 |   30.0 |
          Lair |   8434 |   7607 |    827 |   1713 |   4411 |   5 | 1686.8 |
        Shoals |   5395 |   5080 |    315 |    255 |   3390 |   4 | 1348.8 |
     Snake Pit |   4993 |   4716 |    277 |    708 |   2492 |   4 | 1248.2 |
  Orcish Mines |   2904 |   2615 |    289 |    241 |   1496 |   2 | 1452.0 |
        Vaults |   4798 |   4549 |    249 |    689 |   2214 |   3 | 1599.3 |
         Sewer |    506 |    506 |      0 |     73 |    316 |   1 |  506.0 |
      Gauntlet |    586 |    586 |      0 |    102 |    245 |   1 |  586.0 |
               +--------+--------+--------+--------+--------+-----+--------+

Top non-repeatable levels by time:
    D:11: 3462 daAuts
  Lair:2: 3363 daAuts
Vaults:2: 2595 daAuts
Shoals:4: 2175 daAuts
    D:10: 1995 daAuts
    D:13: 1983 daAuts
Vaults:1: 1791 daAuts
   Orc:2: 1744 daAuts
 Snake:4: 1625 daAuts
     D:9: 1509 daAuts
  Lair:4: 1450 daAuts
    D:15: 1401 daAuts
  Lair:3: 1392 daAuts
 Snake:2: 1339 daAuts
    D:12: 1316 daAuts
